 Dungeon Crawl Stone Soup version 0.18.1-48-g4cf74bf (webtiles) character file.

147 Quirk the Covered (level 5, -4/42 HPs)
             Began as a Minotaur Fighter on July 17, 2016.
             Slain by a gnoll
             ... wielding a +0 halberd
              (9 damage)
             ... on level 3 of the Dungeon.
             The game lasted 00:04:59 (1693 turns).

Quirk the Covered (Minotaur Fighter)                Turns: 1693, Time: 00:05:00

Health: -4/42      AC:  7    Str: 22    XL:     5   Next: 8%
Magic:  4/4        EV:  8    Int: 10    God:
Gold:   40         SH:  9    Dex:  9    Spells: 0 memorised, 4 levels left

rFire  . . .     SeeInvis .     a - +0 war axe
rCold  . . .     Gourm    .     b - +0 scale mail
rNeg   . . .     Faith    .     c - +0 shield
rPois  +         Spirit   .     (helmet restricted)
rElec  .         Dismiss  .     (no cloak)
rCorr  .         Reflect  .     (no gloves)
SustAt .         Harm     .     (no boots)
MR     .....     Clarity  +     (no amulet)
Stlth  ..........               (no ring)
                                (no ring)

@: brilliant, not resistant to hostile enchantments, extremely unstealthy
A: retaliatory headbutt, horns 2, clarity, frail 1, poison resistance
a: no special abilities


You were on level 3 of the Dungeon.
You were not hungry.

You visited 1 branch of the dungeon, and saw 3 of its levels.

You collected 40 gold pieces.

Inventory:

Hand Weapons
 a - a +0 war axe (weapon)
Armour
 b - a +0 scale mail (worn)
 c - a +0 shield (worn)
Wands
 i - a wand of acid (3/15)
Scrolls
 e - a scroll of enchant weapon {unknown}
 g - a scroll of fog {unknown}
 l - a scroll of recharging {unknown}
 p - a scroll of teleportation {unknown}
 q - a scroll of magic mapping {unknown}
 s - a scroll of random uselessness {unknown}
 t - a scroll of remove curse {unknown}
 u - a scroll of identify {unknown}
Potions
 d - a potion of might
Comestibles
 f - 2 bread rations
 m - a beef jerky
 r - a slice of pizza
 w - 2 chunks of flesh
 x - a meat ration


   Skills:
 + Level 4.4 Fighting
 + Level 3.7 Axes
 + Level 4.8 Armour
 + Level 1.5 Dodging
 + Level 4.3 Shields


You had 4 spell levels left.
You didn't know any spells.

Dungeon Overview and Level Annotations

Branches:
Dungeon (3/15)

Altars:
Fedhas
Kikubaaqudgha
Trog

Annotations:
D:3 Ijyb


Innate Abilities, Weirdness & Mutations

You reflexively headbutt those who attack you in melee.
You have a pair of horns on your head.
You possess an exceptional clarity of mind.
You are frail (-10% HP).
Your system is resistant to poisons.


Message History

You miss Ijyb.
Ijyb is severely wounded.
You feel less woody.
Your +0 scale mail unmelds from your body.
Ijyb hits you but does no damage.
The gnoll hits you from afar with a halberd!
Your shield and scale mail prevent you from hitting Ijyb.
Ijyb is severely wounded.
Ijyb barely misses you.
The gnoll hits you from afar with a halberd!
* * * LOW HITPOINT WARNING * * *
Ijyb closely misses you.
Unknown command.
Items here: †††† a jackal corpse x4
You closely miss Ijyb. You headbutt Ijyb.
Ijyb is almost dead.
Ijyb completely misses you.
The gnoll hits you from afar with a halberd!
You die...

#....## #..... ###
###..# #...... #..#
.g$....
###..#####g......
#....##.(.K......
###.##.((.##.......
###...#..#g##
....... ##
######...##..##g#
#...... ##(
#...........###@#
....... #..
#..........## #†#
........ #..
#..........# #..
..<.....#..
#..........# ##..
.....>.....
#..........# #..
......#.8
#..........# ...
..^......
#(.........# ....
....##..8
#<.........# ....
#### #...
############ #...


You could see Ijyb and a gnoll.

Vanquished Creatures
  Terence (D:3)
  3 gnolls (D:3)
  An ooze (D:1)
  2 worms (D:2)
  4 dart slugs
  2 giant geckos
  2 giant cockroaches (D:2)
  3 goblins
  8 hobgoblins
  14 jackals
  A quokka (D:3)
  2 ball pythons (D:1)
  4 bats
  2 giant newts (D:2)
  14 kobolds
  6 rats
69 creatures vanquished.

Notes
Turn   | Place    | Note
--------------------------------------------------------------
     0 | D:1      | Quirk the Minotaur Fighter began the quest for the Orb.
     0 | D:1      | Reached XP level 1. HP: 19/19 MP: 0/0
   152 | D:1      | Reached XP level 2. HP: 26/26 MP: 1/1
   384 | D:1      | Reached XP level 3. HP: 33/33 MP: 2/2
   787 | D:2      | Found an ancient bone altar of Kikubaaqudgha.
   794 | D:2      | Found a blossoming altar of Fedhas.
   808 | D:2      | Found a bloodstained altar of Trog.
   894 | D:2      | Reached skill level 1 in Dodging
  1132 | D:2      | Reached XP level 4. HP: 40/40 MP: 3/3
  1254 | D:3      | Noticed Terence
  1259 | D:3      | Killed Terence
  1645 | D:3      | Noticed Ijyb
  1665 | D:3      | Gained mutation: You are frail (-10% HP). [potion of mutation]
  1665 | D:3      | Gained mutation: You possess an exceptional clarity of mind. [potion of mutation]
  1665 | D:3      | Gained mutation: Your system is resistant to poisons. [potion of mutation]
  1669 | D:3      | Reached XP level 5. HP: 15/42 MP: 4/4
  1693 | D:3      | Slain by a gnoll

Skill      XL: |  1  2  3 |
---------------+----------+-----
Armour         | 4 |  4.8
Axes           | 3 |  3.7
Shields        | 4 |  4.3
Fighting       | 4 |  4.4
Dodging        | 1 |  1.5

Action                   |  1- 3 |  4- 6 || total
-------------------------+-------+-------++-------
Melee: War axe           |   125 |    56 ||   181
       Headbutt          |    20 |     7 ||    27
  Use: Potion            |       |     7 ||     7
  Eat: Chunk             |     1 |     2 ||     3
Armor: Scale mail        |    47 |    18 ||    65
       Skin              |       |    30 ||    30
Dodge: Dodged            |    33 |    31 ||    64
Block: Shield            |    61 |    48 ||   109
